 Dungeon Crawl Stone Soup version 0.21.1-1-g345015f (webtiles) character file.

11 letownia2 the Conjurer (level 2, -3/15 HPs)
             Began as a Tengu Wizard on Mar 2, 2018.
             Slain by an adder (4 damage)
             ... on level 3 of the Dungeon.
             The game lasted 00:01:42 (304 turns).

letownia2 the Conjurer (Tengu Wizard)                Turns: 304, Time: 00:01:42

Health: -3/15      AC:  3    Str:  7    XL:     2   Next: 29%
Magic:  3/7        EV: 11    Int: 18    God:
Gold:   26         SH:  0    Dex: 12    Spells: 4/7 levels left

rFire    . . .     SeeInvis .   m - +0 dagger
rCold    . . .     Gourm    .   (no shield)
rNeg     . . .     Faith    .   l - +0 leather armour
rPois    .         Spirit   .   b - +0 hat
rElec    .         Reflect  .   (no cloak)
rCorr    .         Harm     .   (no gloves)
MR       .....                  (boots unavailable)
Stlth    ++........             (no amulet)
HPRegen  0.05/turn              (no ring)
MPRegen  0.10/turn              (no ring)

@: very slightly contaminated
A: beak, talons 3
a: no special abilities


You were on level 3 of the Dungeon.
You were not hungry.

You visited 1 branch of the dungeon, and saw 3 of its levels.

You collected 26 gold pieces.

Inventory:

Hand Weapons
 m - a +0 dagger (weapon)
Missiles
 j - 6 needles of sleeping
 k - a bolt
Armour
 a - a +0 robe
 b - a +0 hat (worn)
 l - a +0 leather armour (worn)
Scrolls
 f - a scroll of random uselessness {unknown}
 g - 2 scrolls of identify {unknown}
 i - 2 scrolls of enchant armour {unknown}
Potions
 e - a potion of might {unknown}
 h - a potion of curing {unknown}
Books
 c - a book of Minor Magic

   Spells                             Type                      Level
   a - Magic Dart                     Conjuration                  1
   b - Blink                          Translocation                2
   c - Call Imp                       Summoning                    2
   d - Slow                           Hexes                        2
   e - Conjure Flame                  Conjuration/Fire             3
   f - Mephitic Cloud                 Conjuration/Poison/Air       3
Comestibles
 d - 2 rations


   Skills:
 - Level 2.1 Dodging
 - Level 2.0 Stealth
 - Level 3.0 Spellcasting
 + Level 3.1 Conjurations
 - Level 1.2 Summonings
   Level 0.7 Translocations


You had 4 spell levels left.
You knew the following spells:

 Your Spells              Type           Power        Failure   Level  Hunger
a - Magic Dart            Conj           ##..         7%          1    None
i - Call Imp              Summ           #.......     22%         2    ##.....


Dungeon Overview and Level Annotations

Branches:
Dungeon (3/15)

Altars:
Elyvilon
Fedhas


Innate Abilities, Weirdness & Mutations

You have a beak for a mouth.
You have claws for feet.


Message History

Casting: Magic Dart
Confirm with . or Enter, or press ? or * to list all spells.
Aiming: Magic Dart
Press: ? - help, Shift-Dir - straight line, f/p - adder
Aim: an adder (heavily wounded)
The magic dart hits the adder.
The adder is severely wounded.
The adder bites you.
* * * LOW HITPOINT WARNING * * *
A jackal comes into view.
The jackal barks!
Casting: Magic Dart
Confirm with . or Enter, or press ? or * to list all spells.
Aiming: Magic Dart
Press: ? - help, Shift-Dir - straight line, f/p - adder
Aim: an adder (severely wounded)
You miscast Magic Dart.
You are very lightly contaminated with residual magic.
You smell something strange.
The adder bites you.
You die...

####### ##....[#
##.....%# # #.......#
.####.......##
...##........## #
...[.........h######....
#..#........hhhS@.....h.
##.###.......########...
.h............#
.h#...........#
..#...........#
..###........># ##
..............# #.#
..h###........#♣._##
)..# ##.......'...8#


You could see an adder and 5 jackals.

Vanquished Creatures
  A dart slug (D:1)
  A leopard gecko (D:3)
  3 hobgoblins
  2 frilled lizards
  2 rats (D:1)
9 creatures vanquished.

Notes
Turn   | Place    | Note
-------+----------+-------------------------------------------
     0 | D:1      | letownia2 the Tengu Wizard began the quest for the Orb.
     0 | D:1      | Reached XP level 1. HP: 10/10 MP: 5/5
     2 | D:1      | Noticed a demigod
     2 | D:1      | Noticed an elf
     4 | D:1      | Noticed a halfling
     4 | D:1      | Noticed a felid
     6 | D:1      | Noticed a naga
     8 | D:1      | Noticed a gargoyle
     8 | D:1      | Noticed a troll
    10 | D:1      | Noticed a draconian
    10 | D:1      | Noticed a minotaur
    12 | D:1      | Noticed a demonspawn
    14 | D:1      | Noticed an octopode
    14 | D:1      | Noticed a ghoul
    16 | D:1      | Noticed a merfolk
    16 | D:1      | Noticed a formicid
    18 | D:1      | Noticed a tengu
    20 | D:1      | Noticed a human
    22 | D:1      | Noticed a vampire
    22 | D:1      | Noticed a spriggan
    24 | D:1      | Noticed an ogre
    24 | D:1      | Noticed a vine stalker
    26 | D:1      | Noticed a dwarf
    26 | D:1      | Noticed a centaur
   138 | D:1      | Reached XP level 2. HP: 10/15 MP: 1/7
   222 | D:2      | Learned a level 2 spell: Call Imp
   242 | D:3      | Found a blossoming altar of Fedhas.
   243 | D:3      | Found a white marble altar of Elyvilon.
   304 | D:3      | Slain by an adder

Skill      XL: |  1  2 |
---------------+-------+-----
Conjurations   | 2 3 |  3.1
Dodging        | |  2.1
Stealth        | |  2.0
Spellcasting   | |  3.0
Summonings     | |  1.2
Translocations | |  0.7

Action                   || total
-------------------------++-------
Melee: Unarmed           ||     4
       Kick              ||     2
       Peck              ||     1
 Cast: Magic Dart        ||    18
Armor: Robe              ||     1
       Leather armour    ||     1
Dodge: Dodged            ||     7
